 Dungeon Crawl Stone Soup version 0.29-a0-334-gb41bcbb86e (webtiles) character file.

Game seed: 6700096963371757871

95 spaghetti the Sneak (level 4, -4/36 HPs)
             Began as a Naga Hedge Wizard on Apr 14, 2022.
             Slain by a gnoll
             ... wielding a +0 spear
              (6 damage)
             ... on level 4 of the Dungeon.
             The game lasted 00:05:03 (3834 turns).

spaghetti the Sneak (Naga Hedge Wizard)             Turns: 3834, Time: 00:05:04

Health: -4/36      AC:  2    Str: 13    XL:     4   Next: 65%
Magic:  7/10       EV:  9    Int: 16    God:
Gold:   219        SH:  0    Dex: 10    Spells: 2/11 levels left

rFire   . . .      SeeInvis +   n - +0 dagger (pain) {short}
rCold   . . .      Faith    .   (no shield)
rNeg    . . .      Spirit   .   b - +0 robe
rPois   +          Reflect  .   c - +0 hat
rElec   .          Harm     .   (no cloak)
rCorr   .          Rampage  .   (no gloves)
Will    .....                   (no barding)
Stlth   ++........              (no amulet)
HPRegen 0.12/turn               (no ring)
MPRegen 0.12/turn               (no ring)

@: mighty, lethally poisoned (-4 -> -7), flying, studying Staves, very slow
A: AC +1, large, see invisible, deformed body, poison resistance, slowness 2,
spit poison 1, naga tail 1
a: Spit Poison


You were on level 4 of the Dungeon.
You visited 1 branch of the dungeon, and saw 4 of its levels.

You collected 219 gold pieces.


Innate Abilities, Weirdness & Mutations

Your serpentine skin is tough. (AC +1)
You have supernaturally acute eyesight. (SInv)
Armour fits poorly on your strangely shaped body.
Your system is resistant to poisons. (rPois)
You cover ground very slowly.
You can spit poison.
You have a snake-like lower body.


   Skills:
 - Level 1.5 Dodging
 + Level 4.6 Stealth
 + Level 4.0 Spellcasting
 - Level 1.0 Conjurations
 + Level 1.1 Hexes
 - Level 1.0 Summonings
 - Level 1.0 Translocations
 + Level 1.2 Ice Magic


You had 2 spell levels left.
You knew the following spells:

 Your Spells              Type           Power      Damage    Failure   Level
a - Magic Dart            Conj           24%        1d4       11%         1
b - Call Imp              Summ           6%         N/A       17%         2
c - Ensorcelled Hibernat  Hex/Ice        14%        N/A       16%         2
d - Slow                  Hex            24%        N/A       11%         1
e - Tukima's Dance        Hex            6%         N/A       32%         3

Your spell library contained the following spells:

 Spells                   Type           Power      Damage    Failure   Level
 Sting                    Tmut/Pois      12%        1d3       17%         1
 Blink                    Tloc           12%        N/A       17%         2
 Searing Ray              Conj           12%        2d4       17%         2
 Passwall                 Tmut/Erth      2%         N/A       26%         2
 Poisonous Vapours        Pois/Air       6%         N/A       26%         2
 Conjure Flame            Conj/Fire      4%         6-21      38%         3
 Mephitic Cloud           Conj/Pois/Air  4%         N/A       41%         3
 Swiftness                Air            3%         N/A       45%         3
 Fulminant Prism          Conj/Hex       3%         3d6       71%         4
 Passage of Golubria      Tloc           6%         N/A       73%         4
 Olgreb's Toxic Radiance  Pois           3%         N/A       86%         4
 Yara's Violent Unravell  Hex/Tmut       2%         3d3       98%         5

Inventory:

Hand Weapons
 a - a +0 dagger {short}
 n - a +0 dagger of pain (weapon) {short}
   (You found it on level 2 of the Dungeon)
Missiles
 g - 3 boomerangs {throwing}
 m - 9 stones {throwing}
 p - 6 poisoned darts {throwing}
Armour
 b - a +0 robe (worn)
 c - a +0 hat (worn)
Jewellery
 o - a ring of see invisible
   (You found it on level 3 of the Dungeon)
Scrolls
 e - a scroll of enchant armour {unknown}
 f - a scroll of blinking {unknown}
 i - 4 scrolls of identify {unknown}
 j - a scroll of teleportation {unknown}
 k - a scroll of noise {unknown}
 q - a scroll of acquirement {unknown}
 r - a scroll of fear {unknown}
 s - a scroll of brand weapon {unknown}
Potions
 d - a potion of magic
 h - a potion of might

Dungeon Overview and Level Annotations

Branches:
Dungeon (4/15)
 Temple: D:4-7

Altars:
Vehumet

Annotations:
D:3 2 runed translucent doors, jlumianski's ghost, amateur DsFi

#######
################......#
#..............#......#
#..............Sgg....#
#.............@#......#
#......).......#gg....+
####.....###..####......#
#.##.....'_#..# .g..###
#........###..# g...#
#.............# ....#
#.......#.....# ....#
#.......#.....#
#.......#.....#


You could see 2 gnolls and an adder.


Message History

You lost 1 mp, and now have 8/10 mp.
Casting: Magic Dart (safe; 11% risk of failure)
Confirm with . or Enter, or press ? or * to list all spells.
You can't see any susceptible monsters within range! (Use Z to cast anyway.)
Casting: Magic Dart (safe; 11% risk of failure)
Confirm with . or Enter, or press ? or * to list all spells.
You can't see any susceptible monsters within range! (Use Z to cast anyway.)
Casting: Magic Dart (safe; 11% risk of failure)
Confirm with . or Enter, or press ? or * to list all spells.
You can't see any susceptible monsters within range! (Use Z to cast anyway.)
You open the door.
Found a radiant altar of Vehumet. 😎 MP[+2]
Your mp is fully restored (10).
You see here a +0 club {mace}.
You open the door.
An adder and 2 gnolls come into view.
The gnoll shouts! x2; The adder hisses angrily.
You hear a shout!
A gnoll comes into view. It is wielding a +0 spear.
The gnoll barely misses you.
The gnoll shouts!
There is an open door here.
There are monsters nearby!
There are monsters nearby!
Casting: Magic Dart (safe; 11% risk of failure)
Confirm with . or Enter, or press ? or * to list all spells.
Aiming: Magic Dart (safe; 11% risk of failure)
Press: ? - help, Shift-Dir - straight line, f - adder
Aim: an adder (100% to hit)
The magic dart hits the adder.
The gnoll hits you but does no damage.
A gnoll comes into view. It is wielding a +0 flail. 😎 MP[-1]
You lost 1 mp, and now have 9/10 mp.
Casting: Magic Dart (safe; 11% risk of failure)
Confirm with . or Enter, or press ? or * to list all spells.
Aiming: Magic Dart (safe; 11% risk of failure)
Press: ? - help, Shift-Dir - straight line, f/p - adder
Aim: an adder (moderately wounded, 100% to hit)
The magic dart hits the adder.
The adder bites you.
The gnoll hits you from afar with a +0 spear!
The adder bites you. 😮 HP[-12] MP[-1]
You take 12 damage, and now have 24/36 hp.
MASSIVE DAMAGE!! (PAUSE)
You lost 1 mp, and now have 8/10 mp.
Casting: Magic Dart (safe; 11% risk of failure)
Confirm with . or Enter, or press ? or * to list all spells.
Aiming: Slow (safe; 11% risk of failure)
Press: ? - help, Shift-Dir - straight line, p - adder
Okay, then.
Casting: Slow (safe; 11% risk of failure)
Confirm with . or Enter, or press ? or * to list all spells.
A beastly little devil appears in a puff of flame.
The adder bites you.
You are poisoned.
The adder poisons you!
The gnoll hits you from afar with a +0 spear.
* * * LOW HITPOINT WARNING * * *
The gnoll hits you from afar with a +0 spear.
* * * LOW HITPOINT WARNING * * *
😨 HP[-7] MP[-2]
You take 7 damage, and now have 17/36 hp.
You lost 2 mp, and now have 6/10 mp.
Unknown command.
Unknown command.
You feel sick.
Your crimson imp hits the adder.
The adder closely misses you. 😨 HP[-2]
You take 2 damage, and now have 15/36 hp.
Unknown command.
Unknown command.
You closely miss the adder.
You feel sick. The adder bites you but does no damage.
Your crimson imp closely misses the adder. 😨 HP[-1]
You take 1 damage, and now have 14/36 hp.
Unknown command.
You barely miss the adder.
You feel sick.
You are no longer poisoned.
The adder barely misses you.
The gnoll hits you from afar with a +0 spear.
* * * LOW HITPOINT WARNING * * *
Your crimson imp blinks! 😱 HP[-5]
You take 5 damage, and now have 9/36 hp.
Unknown command.
It was a potion of might.
You feel very mighty all of a sudden. The adder bites you.
* * * LOW HITPOINT WARNING * * *
You are poisoned.
The adder poisons you! The gnoll closely misses you. The adder bites you.
* * * LOW HITPOINT WARNING * * *
😱 HP[-3]
You take 3 damage, and now have 6/36 hp.
It was a potion of flight.
You feel very buoyant.
You fly up into the air.
You feel sick. The adder bites you.
* * * LOW HITPOINT WARNING * * *
The gnoll hits you from afar with a +0 spear.
You die...

Skill      XL: |  1  2  3  4 |
---------------+-------------+-----
Stealth        | 4 |  4.6
Ice Magic      | 1 |  1.2
Hexes          | 1 |  1.1
Spellcasting   | 4 |  4.0
Dodging        | |  1.5
Conjurations   | |  1.0
Summonings     | |  1.0
Translocations | |  1.0

Action                   |  1- 3 |  4- 6 || total
-------------------------+-------+-------++-------
Melee: Dagger            |     9 |    15 ||    24
 Cast: Magic Dart        |    68 |    50 ||   118
       Call Imp          |     1 |     5 ||     6
 Abil: Spit Poison       |     3 |     1 ||     4
  Use: Potion            |       |     2 ||     2
Armor: Robe              |       |     7 ||     7
Dodge: Dodged            |    10 |    18 ||    28

Levels and vault maps discovered:
D:1:      sevenhm_arrival_forest_fort_large_1, layout_basic,
          serial_corexii_hall, corexii_hall_statues_i, corexii_hall_statues_i,
          minivault_4
D:2:      layout_loops_ring
D:3:      layout_loops_corners, ebering_ghost_sewer_f
D:4:      layout_gridville, mainiacjoe_overflow_boulevard, kennysheep_mini_moat,
          nicolae_yredelemnul_corpse_copse, gammafunk_ghost_split

Notes
Turn   | Place    | Note
-------+----------+-------------------------------------------
     0 | D:1      | spaghetti the Naga Hedge Wizard began the quest for the
                  | Orb.
     0 | D:1      | Reached XP level 1. HP: 15/15 MP: 4/4
     0 | D:1      | magus.rc [v1.9.6]
   222 | D:1      | Reached XP level 2. HP: 22/22 MP: 0/6
   283 | D:1      | You pick up a book of Burglary and begin reading...
   283 | D:1      | You add the spells Passwall, Ensorcelled Hibernation and
                  | Swiftness to your library.
  1418 | D:2      | You pick up a book of Burglary and begin reading...
  1443 | D:2      | Reached XP level 3. HP: 28/28 MP: 5/8
  1456 | D:2      | Learned a level 2 spell: Call Imp
  1459 | D:2      | Learned a level 2 spell: Ensorcelled Hibernation
  1461 | D:2      | Learned a level 1 spell: Slow
  1705 | D:2      | Reached skill level 4 in Stealth
  1759 | D:2      | Reached XP level 4. HP: 20/36 MP: 1/9
  2135 | D:2      | Reached skill level 1 in Ice Magic
  2335 | D:2      | You add the spells Tukima's Dance, Passage of Golubria and
                  | Yara's Violent Unravelling to your library.
  2572 | D:3      | Reached skill level 1 in Hexes
  2579 | D:3      | Learned a level 3 spell: Tukima's Dance
  2968 | D:3      | Found a runed translucent door.
  2969 | D:3      | Noticed jlumianski's ghost (amateur DsFi)
  3130 | D:3      | You pick up a book of Conjurations {@e2} and begin
                  | reading...
  3130 | D:3      | You add the spells Searing Ray and Fulminant Prism to your
                  | library.
  3174 | D:3      | Found a runed translucent door.
  3489 | D:3      | You add the spells Sting, Poisonous Vapours and Olgreb's
                  | Toxic Radiance to your library.
  3658 | D:4      | Reached skill level 4 in Spellcasting
  3815 | D:4      | Found a radiant altar of Vehumet.
  3832 | D:4      | HP: 9/36 [gnoll/+0 spear (4)]
  3834 | D:4      | HP: 2/36 [adder (3)]
  3834 | D:4      | Slain by a gnoll

Vanquished Creatures
  An iguana (D:2)
  An adder (D:4)
  A dart slug (D:2)
  An orc (D:3)
  7 ball pythons
  2 bats
  4 endoplasms
  2 giant cockroaches
  7 goblins
  6 hobgoblins
  A quokka (D:1)
  3 frilled lizards
  3 kobolds
  5 rats
44 creatures vanquished.

Vanquished Creatures (collateral kills)
  An adder (D:2)
1 creature vanquished.

Grand Total: 45 creatures vanquished

Table legend:
 A = Non-vault XP
 B = Vault XP
 C = Vault XP percentage of total XP
 D = Non-vault monster count
 E = Vault monster count
 F = Vault count percentage of total count
                 A         B        C        D         E       F
            +---------+---------+-------+---------+---------+-------
      Total |     134 |       2 |   1.5 |      43 |       2 |   4.4
            +---------+---------+-------+---------+---------+-------
        D:1 |      29 |       1 |   3.3 |      17 |       1 |   5.6
        D:2 |      70 |       1 |   1.4 |      12 |       1 |   7.7
        D:3 |      17 |       0 |   0.0 |      10 |       0 |   0.0
        D:4 |      18 |       0 |   0.0 |       4 |       0 |   0.0
            +---------+---------+-------+---------+---------+-------

Illustrated notes

Table legend:
 A = Kills in this place as a percentage of kills in entire the game.
 B = Kills by you in this place as a percentage of kills by you in the entire game.
 C = Kills by friends in this place as a percentage of kills by friends in the entire game.
 D = Other kills in this place as a percentage of other kills in the entire game.
 E = Experience gained in this place as a percentage of experience gained in the entire game.
 F = Experience gained in this place divided by the number of levels of this place that you have seen.
                   A       B       C       D       E      F
               +-------+-------+-------+-------+-------+----------------------
         Total | 100.0 | 100.0 | 100.0 |   N/A | 100.0 |  34.0
       Dungeon | 100.0 | 100.0 | 100.0 |   N/A | 100.0 |  34.0
               +-------+-------+-------+-------+-------+----------------------

Table legend: (Time is in decaauts)
 A = Elapsed time spent in this place.
 B = Non-inter-level travel time spent in this place.
 C = Inter-level travel time spent in this place.
 D = Time resting spent in this place.
 E = Time spent auto-exploring this place.
 F = Levels seen in this place.
 G = Mean time per level.
                   A        B        C        D        E       F      G
               +--------+--------+--------+--------+--------+-----+--------+
         Total |   4643 |   4521 |    122 |     36 |   4168 |   4 | 1160.8 |
       Dungeon |   4643 |   4521 |    122 |     36 |   4168 |   4 | 1160.8 |
               +--------+--------+--------+--------+--------+-----+--------+

Top non-repeatable levels by time:
     D:1: 1652 daAuts
     D:2: 1413 daAuts
     D:3: 1372 daAuts
     D:4: 205 daAuts
